 Dungeon Crawl Stone Soup version 0.26-a0-651-gb41185065b (webtiles) character file.

Game seed: 13290658052489142339

47 Irenicus the Slasher (level 3, -1/26 HPs)
             Began as an Octopode Chaos Knight on Oct 28, 2020.
             Was a Plaything of Xom.
             Slain by a worm (8 damage)
             ... on level 2 of the Dungeon.
             The game lasted 00:04:02 (538 turns).

Irenicus the Slasher (Octopode Chaos Knight)         Turns: 538, Time: 00:04:03

Health: -1/26      AC:  1    Str: 11    XL:     3   Next: 70%
Magic:  3/3        EV: 14    Int: 14    God:    Xom [.....*]
Gold:   57         SH:  0    Dex: 12    Spells: 2/2 levels left

rFire    . . .     SeeInvis +   a - +0 falchion (chaos)
rCold    . . .     Faith    .   (no shield)
rNeg     . . .     Spirit   .   c - +0 hat {SInv}
rPois    .         Reflect  .   (no amulet)
rElec    .         Harm     .   (no ring)
rCorr    .         Rampage  .   (no ring)
MR       .....                  (no ring)
Stlth    ++........             (no ring)
HPRegen  0.08/turn              (no ring)
MPRegen  0.08/turn              (no ring)
                                (no ring)
                                (no ring)

@: no status effects
A: almost no armour, stealthy swim, amphibious, 8 rings, constrict 8, camouflage
1, gelatinous body 1
a: Renounce Religion


You were on level 2 of the Dungeon.
You worshipped Xom.
You were Xom's teddy bear.
You visited 1 branch of the dungeon, and saw 2 of its levels.

You collected 57 gold pieces.

Inventory:

Hand Weapons
 a - a +0 falchion of chaos (weapon)
 f - a +0 short sword of speed
   (You took it off a kobold on level 1 of the Dungeon)
Missiles
 d - 5 curare-tipped darts
Armour
 c - a +0 hat of see invisible (worn)
   (Xom gifted it to you on level 1 of the Dungeon)
Scrolls
 b - 2 scrolls of identify {unknown}
 e - a scroll of noise {unknown}
 g - a scroll of teleportation {unknown}
 h - a scroll of remove curse {unknown}


   Skills:
 - Level 3.0 Fighting
 + Level 3.8 Long Blades
 + Level 3.3 Dodging


You had 2 spell levels left.
You didn't know any spells.
Your spell library was empty.

Dungeon Overview and Level Annotations

Branches:
Dungeon (2/15)

Altars:


Innate Abilities, Weirdness & Mutations

You cannot wear most types of armour.
You are very stealthy in the water. (Stealth+)
You are amphibious.
You can wear up to eight rings at the same time.
You can use your tentacles to constrict eight enemies at once.
Your skin changes colour to match your surroundings (Stealth+).
Your rubbery body absorbs attacks. (AC +1, EV +1)


Message History

You kill the goblin!
You hit the goblin. You freeze the goblin.
You kill the goblin!
Things that are here:
a +0 club; a goblin corpse; a goblin corpse
There is an open door here.
There is a stone staircase leading down here.
You climb downwards.
An adder comes into view.
There is a stone staircase leading up here.
A frilled lizard comes into view.
The frilled lizard hisses angrily.
The helpless adder fails to defend itself.
You hit the adder. You freeze the adder. Your grab misses the adder.
The adder is lightly wounded.
The adder closely misses you. The adder bites you.
You take 4 damage, and have 22/26 hp.
You completely miss the adder. You grab the adder.
The adder is lightly wounded.
You constrict the adder. The adder closely misses you.
You hit the adder but do no damage.
The adder is poisoned.
The adder is moderately wounded.
You constrict the adder. The adder bites you.
You are poisoned.
The adder poisons you! The adder completely misses you.
You take 1 damage, and have 21/26 hp.
You closely miss the frilled lizard. Your grab misses the frilled lizard.
You constrict the adder.
You feel sick. The adder closely misses you.
You riposte.
You hit the adder. You burn the adder.
You kill the adder!
The frilled lizard misses you.
You riposte.
You hit the frilled lizard. You burn the frilled lizard.
You kill the frilled lizard!
You take 1 damage, and have 20/26 hp.
Okay, then.
A hobgoblin comes into view.
You feel sick.
The hobgoblin moves out of view.
You see here a frilled lizard corpse.
You take 1 damage, and have 19/26 hp.
You feel sick. The hobgoblin hits you.
You take 6 damage, and have 13/26 hp.
MASSIVE DAMAGE!!
You closely miss the hobgoblin. You grab the hobgoblin.
You squeeze the hobgoblin, but do no damage.
You constrict the hobgoblin. The hobgoblin hits you.
You take 1 damage, and have 12/26 hp.
You hit the hobgoblin.
Lightning courses through the hobgoblin!
You kill the hobgoblin!
You feel sick.
You take 1 damage, and have 11/26 hp.
You see here a hobgoblin corpse.
You feel sick.
You take 1 damage, and have 11/26 hp. "Where it stops, nobody knows!"
Your surroundings suddenly seem different.
Your surroundings suddenly seem different.
Your surroundings suddenly seem different.
Your surroundings suddenly seem different.
Your surroundings suddenly seem different.
A kobold comes into view. It is wielding a -1 whip.
You feel sick.
You take 1 damage, and have 10/26 hp.
The helpless kobold fails to defend itself.
You hit the kobold. You freeze the kobold.
You kill the kobold!
A goblin comes into view.
You feel sick.
You take 1 damage, and have 9/26 hp.
Found a stone staircase leading up.
You feel sick.
You are no longer poisoned.
You see here a scale mail.
You take 1 damage, and have 9/26 hp.
You now have 48 gold pieces (gained 11).
A hobgoblin and a dart slug come into view.
The helpless hobgoblin fails to defend itself.
You hit the hobgoblin.
You feel better.
You grab the hobgoblin. You squeeze the hobgoblin.
The hobgoblin is almost dead.
You constrict the hobgoblin.
You kill the hobgoblin!
You see here a +0 club.
You hit the dart slug.
The dart slug is poisoned.
You grab the dart slug.
The dart slug is heavily wounded.
You constrict the dart slug.
You kill the dart slug!
You feel your strength returning.
You see here a dart slug corpse.
You now have 57 gold pieces (gained 9).
A worm comes into view.
You hit the worm but do no damage. Your grab misses the worm.
The worm bites you.
* * * LOW HITPOINT WARNING * * *
You take 6 damage, and have 7/26 hp.
MASSIVE DAMAGE!!
You hit the worm but do no damage. You grab the worm. You constrict the worm.
You barely miss the worm.
The worm is lightly wounded.
You constrict the worm. The worm bites you!
You die... "What!?
That's it?"

. ... #.##..#......#. ...# .....
##.#..........#. ...# .....
#......#.###..#.##..# .....
#.#....#.# #.......# ...
#......#.###.###...######## .#
#<...#.....................
.######.#.§#...............###...
..†.....#..#...............# #...
.####.††...#....@##.##..#### #)..
.# #......##...w##...#..# #... .#
#......##....####.##.#####... ##
#......##....# #.....†).....
.........#....# #.........###
............... #.........###
..........#####................
########### ################


You could see a worm.

Vanquished Creatures
  An adder (D:2)
  A dart slug (D:2)
  A leopard gecko (D:1)
  4 giant cockroaches (D:1)
  6 goblins (D:1)
  7 hobgoblins
  2 kobolds
  A ball python (D:1)
  2 bats (D:1)
  4 frilled lizards
  2 rats (D:1)
31 creatures vanquished.

Vanquished Creatures (collateral kills)
  A kobold (D:1)
1 creature vanquished.

Grand Total: 32 creatures vanquished

Notes
Turn   | Place    | Note
-------+----------+-------------------------------------------
     0 | D:1      | Irenicus the Octopode Chaos Knight began the quest for the
                  | Orb.
     0 | D:1      | Reached XP level 1. HP: 16/16 MP: 1/1
    19 | D:1      | XOM: potion effect (stabbing)
    49 | D:1      | XOM: god gift: glowing hat {god gift}
   122 | D:1      | XOM: cast spell 'Summon Small Mammal'
   127 | D:1      | Reached XP level 2. HP: 16/21 MP: 2/2
   279 | D:1      | Reached skill level 3 in Dodging
   326 | D:1      | Reached XP level 3. HP: 26/26 MP: 3/3
   334 | D:1      | XOM: stat loss: -1 Str (10/11)
   485 | D:2      | XOM: 5-stop teleportation journey
   538 | D:2      | Slain by a worm

Illustrated notes

Levels and vault maps discovered:
D:1:      minmay_arrival_plants_in_alcoves, layout_basic
D:2:      layout_rooms, grunt_qazlal_clouds, eino_curves_02

Skill      XL: |  1  2 |
---------------+-------+-----
Dodging        | 3 |  3.3
Fighting       | |  3.0
Long Blades    | |  3.8

Action                   || total
-------------------------++-------
Melee: Falchion          ||    45
       Constrict         ||    15
       Tentacles         ||     9
 Stab: Sleeping          ||     5
Armor: Skin              ||     3
Dodge: Dodged            ||    25
       Rpst.: Falchion   ||     7

Table legend: (Time is in decaauts)
 A = Elapsed time spent in this place.
 B = Non-inter-level travel time spent in this place.
 C = Inter-level travel time spent in this place.
 D = Time resting spent in this place.
 E = Time spent auto-exploring this place.
 F = Levels seen in this place.
 G = Mean time per level.
                   A        B        C        D        E       F      G
               +--------+--------+--------+--------+--------+-----+--------+
         Total |    543 |    505 |     38 |      0 |     68 |   2 |  271.5 |
       Dungeon |    543 |    505 |     38 |      0 |     68 |   2 |  271.5 |
               +--------+--------+--------+--------+--------+-----+--------+

Top non-repeatable levels by time:
     D:1: 471 daAuts
     D:2: 71 daAuts

Table legend:
 A = Kills in this place as a percentage of kills in entire the game.
 B = Kills by you in this place as a percentage of kills by you in the entire game.
 C = Kills by friends in this place as a percentage of kills by friends in the entire game.
 D = Other kills in this place as a percentage of other kills in the entire game.
 E = Experience gained in this place as a percentage of experience gained in the entire game.
 F = Experience gained in this place divided by the number of levels of this place that you have seen.
                   A       B       C       D       E      F
               +-------+-------+-------+-------+-------+----------------------
         Total | 100.0 | 100.0 | 100.0 |   N/A | 100.0 |  34.0
       Dungeon | 100.0 | 100.0 | 100.0 |   N/A | 100.0 |  34.0
               +-------+-------+-------+-------+-------+----------------------
